 Dungeon Crawl Stone Soup version 0.13-a0-2060-gccfd96d (webtiles) character file.

631 JacquesDerrida the Slasher (level 6, 9/50 HPs)
             Began as a Demigod Gladiator on June 26, 2013.
             Quit the game on Level 5 of the Dungeon.
             The game lasted 00:11:32 (5480 turns).

JacquesDerrida the Slasher (Demigod Gladiator)      Turns: 5480, Time: 00:11:32

HP   9/50        AC  4     Str 19      XL: 6   Next: 27%
MP   9/10        EV 18     Int 14      God:
Gold 234         SH  0     Dex 21 (23) Spells:  2 memorised,  2 levels left

Res.Fire  : . . .   See Invis. : .   w - +1 long sword
Res.Cold  : . . .   Warding    : .   b - +0 leather armour
Life Prot.: . . .   Conserve   : .   (no shield)
Res.Poison: .       Res.Corr.  : .   c - +0 helmet
Res.Elec. : .       Clarity    : .   (no cloak)
Sust.Abil.: . .     Spirit.Shd : .   (no gloves)
Res.Mut.  : .       Stasis     : .   (no boots)
Res.Rott. : .       Flight     : .   (no amulet)
Saprovore : . . .                    (no ring)
                                     h - ring of wizardry

@: agile, slightly resistant to hostile enchantments, stealthy
A: no striking features
a: no special abilities


You were on level 5 of the Dungeon.
You were not hungry.

You visited 1 branch of the dungeon, and saw 6 of its levels.

You collected 214 gold pieces.

Inventory:

Hand weapons
 a - a +0,+0 falchion
 l - a +1,+2 trident of flaming
 w - a +1,+1 long sword (weapon)
Missiles
 d - 3 throwing nets (quivered)
 k - 20 poisoned needles
Armour
 b - a +0 leather armour (worn)
 c - a +0 helmet (worn)
 n - a +0 ring mail
Comestibles
 g - 3 meat rations
 s - a bread ration
Scrolls
 e - 2 scrolls of enchant armour {unknown}
 i - a scroll of blinking
 m - a scroll of random uselessness
 q - a scroll of curse armour {unknown}
 t - 6 scrolls of identify
Jewellery
 h - a ring of wizardry (left hand)
 r - an uncursed ring of teleportation
Potions
 f - a potion of confusion
 o - a potion of speed {unknown}
 p - a potion of poison {unknown}
 u - a potion of agility
 v - a potion of resistance {unknown}
Books
 j - a book of Debilitation

   Spells                             Type                      Level
   *Corona                            Hexes                        1
   *Slow                              Hexes                        2
   Inner Flame                        Hexes/Fire                   3
   Enslavement                        Hexes                        4
   Cause Fear                         Hexes                        4
   Leda's Liquefaction                Hexes/Earth                  4


   Skills:
 - Level 1.7 Fighting
 + Level 6.8 Long Blades
 - Level 1.7 Throwing
 - Level 2.6 Dodging


You had 2 spell levels left.
You knew the following spells:

 Your Spells              Type           Power        Failure   Level  Hunger
a - Corona                Hex            #......      12%         1    ##.....
b - Slow                  Hex            #.......     17%         2    ###....


Dungeon Overview and Level Annotations

Branches:
Dungeon (6/27)
 Temple: D:4-7          Orc: D:6-11

Annotations
D:3 Ijyb
D:4 Pascal76's ghost, average HEGl
D:5 Eustachio


Message History

The lemure completely misses you. The iron imp hits you.
Eustachio closely misses you. The white imp misses you.
The green rat completely misses you. The grey rat misses you.
The green rat bites you. The bat barely misses you.
You closely miss Eustachio.
Eustachio is lightly wounded.
The bat hits you but does no damage. The lemure hits you but does no damage.
The lemure closely misses you. The lemure completely misses you.
The grey rat bites you.
* * * LOW HITPOINT WARNING * * *
Eustachio barely misses you.
The iron imp hits you but does no damage.
The white imp sputters.
The white imp barely misses you. The green rat closely misses you.
The green rat bites you.
* * * LOW HITPOINT WARNING * * *
The lemure misses you. The lemure completely misses you.
The lemure closely misses you.
A quokka comes into view.
Are you sure you want to abandon this character and quit the game? (Confirm with "yes".)

...###.###((.##.#.##.##.##
...###..#......>..r.......o
.............##.#....##.#.#
.............##.#.#####.#.#
..#......(...##.#.#####.#.#
..#......!...##.#.........#
..#......)..%...r.......#########
#............r@r...............
#...........b5@rb....##########
#####.......55......# #
#....#..r#################
#....#....................
#....###.#################
#............# ....###.###.# ..
..( #.#


You could see Eustachio, an iron imp, 2 green rats, a white imp, a lemure, 3
grey rats, a quokka (wandering) and 2 bats.

Vanquished Creatures
  A centaur (D:5)
  A giant frog skeleton (D:4)
  A hound (D:4)
  An iguana (D:4)
  10 adders
  A gnoll (D:1)
  A giant mite (D:2)
  An adder skeleton (D:4)
  An ufetubus (D:5)
  A giant eyeball (D:4)
  4 giant geckos
  3 ball pythons
  8 bats
  7 giant cockroaches
  10 goblins
  9 hobgoblins
  13 jackals
  An ooze (D:2)
  A quokka (D:2)
  A giant gecko zombie (D:1)
  3 giant newts
  5 kobolds
  13 rats
97 creatures vanquished.

Vanquished Creatures (others)
  A goblin (D:4)
1 creature vanquished.

Grand Total: 98 creatures vanquished

Notes
Turn   | Place    | Note
--------------------------------------------------------------
     0 | D:1      | JacquesDerrida, the Demigod Gladiator, began the quest for the Orb.
     0 | D:1      | Reached XP level 1. HP: 18/18 MP: 2/2
   131 | D:1      | Reached skill level 3 in Long Blades
   193 | D:1      | Reached XP level 2. HP: 12/25 MP: 3/3
   714 | D:1      | Reached skill level 4 in Long Blades
   714 | D:1      | Reached XP level 3. HP: 3/30 MP: 5/5
   716 | D:1      | HP: 1/30 [hobgoblin (2)]
  2060 | D:2      | Reached XP level 4. HP: 30/37 MP: 7/7
  2504 | D:3      | Noticed Ijyb
  2849 | D:3      | Reached skill level 5 in Long Blades
  3864 | D:4      | Reached XP level 5. HP: 17/44 MP: 8/8
  4102 | D:4      | Paralysed by a giant eyeball for 3 turns
  4398 | D:4      | Learned a level 1 spell: Corona
  4402 | D:4      | Learned a level 2 spell: Slow
  4444 | D:4      | Reached skill level 6 in Long Blades
  4779 | D:4      | Found a burning altar of Makhleb.
  4902 | D:4      | Reached XP level 6. HP: 48/50 MP: 8/10
  4913 | D:4      | Noticed Pascal76's ghost (average HEGl)
  4955 | D:5      | Entered Level 5 of the Dungeon
  5147 | D:5      | Found a bloodstained altar of Trog.
  5177 | D:5      | Noticed Eustachio
  5480 | D:5      | Quit the game

Action                   |  1- 3 |  4- 6 || total
-------------------------+-------+-------++-------
Melee: Falchion          |   190 |   112 ||   302
       Long sword        |       |   108 ||   108
Throw: Throwing net      |     1 |       ||     1
 Cast: Corona            |       |    14 ||    14
       Slow              |       |     1 ||     1
  Use: Scroll            |     4 |     7 ||    11
       Potion            |       |     5 ||     5
 Stab: Sleeping          |     1 |       ||     1
